| TOP OF THE 1ST |
|
Renton Wrecks batting - Pitching for Tri-City Dust Devils : RHP Guillermo Perez
|
|
Pitching: RHP Guillermo Perez
|
|
|
Batting: RHB Rolando Pino
|
0-0: Swinging Strike 0-1: Ball 1-1: Called Strike 1-2: Foul Ball, location: 2F 1-2: Fly out, F9 (Line Drive, 9, EV 92.5 MPH)
|
|
Batting: LHB Troy Thomas
|
0-0: Ball 1-0: Ball 2-0: Called Strike 2-1: Foul Ball, location: 2F 2-2: Foul Ball, location: 2F 2-2: Strikes out swinging
|
|
Batting: RHB Luis Gomez
|
0-0: Ball 1-0: Foul Ball, location: 2F 1-1: Foul Ball, location: 2F 1-2: Ball 2-2: Foul Ball, location: 2F 2-2: Ground out 5-3 (Groundball, 56S, EV 93.8 MPH)
|
| Top of the 1st over - 0 runs, 0 hits, 0 errors, 0 left on base; Renton 0 - Tri-City 0 |
| BOTTOM OF THE 1ST |
|
Tri-City Dust Devils batting - Pitching for Renton Wrecks : LHP Mark Bowden
|
|
Pitching: LHP Mark Bowden
|
|
|
Batting: LHB LaVel Freeman
|
0-0: Ball 1-0: Called Strike 1-1: Swinging Strike 1-2: Foul Ball, location: 2F 1-2: SINGLE (Line Drive, 89M, EV 95.0 MPH)
|
|
Batting: RHB Robert Martinez
|
0-0: Ball 1-0: Ball 2-0: Foul Ball, location: 2F 2-1: Foul Ball, location: 2F 2-2: Ball Wild Pitch! LaVel Freeman to second 3-2: SINGLE (Line Drive, 56D, EV 99.4 MPH) LaVel Freeman to third Runner from 3rd tries for Home, SAFE, throw by LF to home
|
|
Batting: RHB Desmond Brooks
|
0-0: Called Strike 0-1: Foul Ball, location: 2F 0-2: Ball 1-2: Ball 2-2: Strikes out looking
|
|
Batting: RHB Felipe Hernandez
|
0-0: Ball 1-0: Fly out, F8 (Flyball, 8LXD, EV 100.0 MPH)
|
|
Batting: LHB Rafael Codinach
|
0-0: Foul Ball, location: 2F 0-1: Ball 1-1: Called Strike 1-2: Strikes out looking
|
| Bottom of the 1st over - 1 run, 2 hits, 0 errors, 1 left on base; Renton 0 - Tri-City 1 |
| TOP OF THE 2ND |
|
Renton Wrecks batting - Pitching for Tri-City Dust Devils : RHP Guillermo Perez
|
|
Batting: RHB Stan Holmes
|
0-0: Foul Ball, location: 2F 0-1: Called Strike 0-2: Ball 1-2: Strikes out swinging
|
|
Batting: RHB Andrew Pratt
|
0-0: Swinging Strike 0-1: SINGLE (Flyball, 8RS, EV 91.9 MPH)
|
|
Batting: SHB Ethan Charles
|
0-0: Called Strike 0-1: Foul Ball, location: 2F 0-2: Foul Ball, location: 2F 0-2: Ball 1-2: Strikes out swinging
|
|
Batting: LHB Paul Thoutsis
|
0-0: Ball 1-0: Foul Ball, location: 2F 1-1: Foul Ball, location: 2F 1-2: Foul Ball, location: 2F 1-2: Ball 2-2: Foul Ball, location: 2F 2-2: Foul Ball, location: 2F 2-2: Ball 3-2: Strikes out swinging
|
| Top of the 2nd over - 0 runs, 1 hit, 0 errors, 1 left on base; Renton 0 - Tri-City 1 |
| BOTTOM OF THE 2ND |
|
Tri-City Dust Devils batting - Pitching for Renton Wrecks : LHP Mark Bowden
|
|
Batting: LHB George Priftis
|
0-0: Called Strike 0-1: Ball 1-1: Foul Ball, location: 2F 1-2: Foul Ball, location: 2F 1-2: Ball 2-2: Strikes out swinging
|
|
Batting: RHB Dennis Glynn
|
0-0: Foul Ball, location: 2F 0-1: Foul Ball, location: 2F 0-2: Ball 1-2: Ground out 6-3 (Groundball, 6M, EV 91.9 MPH)
|
|
Batting: RHB Gereld McDermott
|
0-0: Ball 1-0: Ball 2-0: Ball 3-0: Base on Balls
|
|
Batting: RHB Jeff DeWillis
|
0-0: Ball Wild Pitch! Gereld McDermott to second 1-0: Called Strike 1-1: Swinging Strike 1-2: Strikes out swinging
|
| Bottom of the 2nd over - 0 runs, 0 hits, 0 errors, 1 left on base; Renton 0 - Tri-City 1 |
| TOP OF THE 3RD |
|
Renton Wrecks batting - Pitching for Tri-City Dust Devils : RHP Guillermo Perez
|
|
Batting: RHB Frank Garcia
|
0-0: Ball 1-0: Reached on error, E6 (Groundball, 4MS, EV 88.8 MPH)
|
|
Batting: LHB Christian Bryeans
|
0-0: Called Strike 0-1: Fly out, F8 (Flyball, 8LM, EV 96.3 MPH)
|
|
Batting: RHB Rolando Pino
|
0-0: Ball 1-0: Called Strike 1-1: Ball 2-1: Foul Ball, location: 2F 2-2: Ball 3-2: Foul Ball, location: 2F 3-2: Base on Balls Frank Garcia to second
|
|
Batting: LHB Troy Thomas
|
0-0: Called Strike 0-1: Ball 1-1: Swinging Strike 1-2: Strikes out swinging
|
|
Batting: RHB Luis Gomez
|
0-0: Fielders Choice at 2nd, 6-4 (Groundball, 6, EV 85.0 MPH)
|
| Top of the 3rd over - 0 runs, 0 hits, 1 error, 2 left on base; Renton 0 - Tri-City 1 |
| BOTTOM OF THE 3RD |
|
Tri-City Dust Devils batting - Pitching for Renton Wrecks : LHP Mark Bowden
|
|
Batting: LHB LaVel Freeman
|
0-0: Fly out, F9 (Line Drive, 9D, EV 93.8 MPH)
|
|
Batting: RHB Robert Martinez
|
0-0: Called Strike 0-1: Foul Ball, location: 2F 0-2: Strikes out swinging
|
|
Batting: RHB Desmond Brooks
|
0-0: Foul Ball, location: 2F 0-1: Ball 1-1: Ball 2-1: Swinging Strike 2-2: Fly out, F8 (Flyball, 8RD, EV 89.4 MPH)
|
| Bottom of the 3rd over - 0 runs, 0 hits, 0 errors, 0 left on base; Renton 0 - Tri-City 1 |
| TOP OF THE 4TH |
|
Renton Wrecks batting - Pitching for Tri-City Dust Devils : RHP Guillermo Perez
|
|
Batting: RHB Stan Holmes
|
0-0: Called Strike 0-1: Ground out 1-3 (Groundball, 34S, EV 70.0 MPH)
|
|
Batting: RHB Andrew Pratt
|
0-0: Ball 1-0: Fly out, F8 (Flyball, 8LXD, EV 93.1 MPH)
|
|
Batting: SHB Ethan Charles
|
0-0: Ball 1-0: Fly out, F7 (Flyball, 7LS, EV 95.6 MPH)
|
| Top of the 4th over - 0 runs, 0 hits, 0 errors, 0 left on base; Renton 0 - Tri-City 1 |
| BOTTOM OF THE 4TH |
|
Tri-City Dust Devils batting - Pitching for Renton Wrecks : LHP Mark Bowden
|
|
Batting: RHB Felipe Hernandez
|
0-0: Called Strike 0-1: Foul Ball, location: 2F 0-2: Ball 1-2: Ground out 6-3 (Groundball, 56, EV 99.4 MPH)
|
|
Batting: LHB Rafael Codinach
|
0-0: Fly out, F3 (Flyball, 3D, EV 86.9 MPH)
|
|
Batting: LHB George Priftis
|
0-0: Called Strike 0-1: Swinging Strike 0-2: Ball 1-2: Strikes out swinging
|
| Bottom of the 4th over - 0 runs, 0 hits, 0 errors, 0 left on base; Renton 0 - Tri-City 1 |
| TOP OF THE 5TH |
|
Renton Wrecks batting - Pitching for Tri-City Dust Devils : RHP Guillermo Perez
|
|
Batting: LHB Paul Thoutsis
|
0-0: Called Strike 0-1: Ball 1-1: Ball 2-1: Ground out 4-3 (Groundball, 4, EV 79.4 MPH)
|
|
Batting: RHB Frank Garcia
|
0-0: Ball 1-0: Ball 2-0: Foul Ball, location: 2F 2-1: Foul Ball, location: 2F 2-2: Ground out 4-3 (Groundball, 34, EV 84.4 MPH)
|
|
Batting: LHB Christian Bryeans
|
0-0: Called Strike 0-1: Called Strike 0-2: Strikes out swinging, 2-3 out at first.
|
| Top of the 5th over - 0 runs, 0 hits, 0 errors, 0 left on base; Renton 0 - Tri-City 1 |
| BOTTOM OF THE 5TH |
|
Tri-City Dust Devils batting - Pitching for Renton Wrecks : LHP Mark Bowden
|
|
Batting: RHB Dennis Glynn
|
0-0: Foul Ball, location: 2F 0-1: Swinging Strike 0-2: Foul Ball, location: 2F 0-2: Foul Ball, location: 2F 0-2: Ball 1-2: Ground out 1-3 (Groundball, P, EV 65.0 MPH)
|
|
Batting: RHB Gereld McDermott
|
0-0: Called Strike 0-1: Fly out, F7 (Flyball, 7LM, EV 87.5 MPH)
|
|
Batting: RHB Jeff DeWillis
|
0-0: Ball 1-0: Ball 2-0: Called Strike 2-1: Called Strike 2-2: Ball 3-2: Foul Ball, location: 2F 3-2: Foul Ball, location: 2F 3-2: Base on Balls
|
|
Batting: LHB LaVel Freeman
|
0-0: Called Strike 0-1: Ball 1-1: Ground out 4-3 (Groundball, 4, EV 90.0 MPH)
|
| Bottom of the 5th over - 0 runs, 0 hits, 0 errors, 1 left on base; Renton 0 - Tri-City 1 |
| TOP OF THE 6TH |
|
Renton Wrecks batting - Pitching for Tri-City Dust Devils : RHP Guillermo Perez
|
|
Batting: RHB Rolando Pino
|
0-0: Called Strike 0-1: Ball 1-1: Foul Ball, location: 2F 1-2: Foul Ball, location: 2F 1-2: Foul Ball, location: 2F 1-2: Foul Ball, location: 2F 1-2: Foul Ball, location: 2F 1-2: Ball 2-2: Foul Ball, location: 2F 2-2: Foul Ball, location: 2F 2-2: Ground out U3 (Groundball, 3L, EV 83.8 MPH)
|
|
Batting: LHB Troy Thomas
|
0-0: Fly out, F8 (Flyball, 8RS, EV 84.4 MPH)
|
|
Batting: RHB Luis Gomez
|
0-0: Called Strike 0-1: Foul Ball, location: 2F 0-2: Ball 1-2: Fly out, F6 (Popup, 6, EV 68.8 MPH)
|
| Top of the 6th over - 0 runs, 0 hits, 0 errors, 0 left on base; Renton 0 - Tri-City 1 |
| BOTTOM OF THE 6TH |
|
Tri-City Dust Devils batting - Pitching for Renton Wrecks : LHP Mark Bowden
|
|
Batting: RHB Robert Martinez
|
0-0: Foul Ball, location: 2F 0-1: Ball 1-1: Ball 2-1: Ball 3-1: Base on Balls
|
|
Batting: RHB Desmond Brooks
|
0-0: Foul Ball, location: 2F 0-1: Ball 1-1: Ball 2-1: Ball 3-1: Base on Balls Robert Martinez to second
|
|
Batting: RHB Felipe Hernandez
|
0-0: Ball 1-0: Called Strike 1-1: SINGLE (Groundball, 6D, EV 102.5 MPH) Robert Martinez to third Desmond Brooks to second Runner from 3rd tries for Home, SAFE, throw by LF to home
|
|
Batting: LHB Rafael Codinach
|
0-0: Ball 1-0: Fly out, F8 (Flyball, 8LXD, EV 91.3 MPH) Runner from 2nd tags up, SAFE at 3rd, no throw by CF
|
|
Batting: LHB George Priftis
|
0-0: Ball 1-0: Ball 2-0: SINGLE (Groundball, 56D, EV 95.0 MPH) Desmond Brooks scores Felipe Hernandez to second
|
|
Batting: RHB Dennis Glynn
|
0-0: Fly out, F9 (Line Drive, 9, EV 101.9 MPH)
|
|
Batting: RHB Gereld McDermott
|
0-0: Swinging Strike 0-1: Called Strike 0-2: Ball 1-2: Ball 2-2: Foul Ball, location: 2F 2-2: Ball 3-2: Ground out 6-3 (Groundball, 6, EV 108.1 MPH)
|
| Bottom of the 6th over - 2 runs, 2 hits, 0 errors, 2 left on base; Renton 0 - Tri-City 3 |
| TOP OF THE 7TH |
|
Renton Wrecks batting - Pitching for Tri-City Dust Devils : RHP Guillermo Perez
|
|
Batting: RHB Stan Holmes
|
0-0: Swinging Strike 0-1: Ball 1-1: Ball 2-1: Swinging Strike 2-2: Strikes out looking
|
|
Batting: RHB Andrew Pratt
|
0-0: Ball 1-0: SINGLE (Groundball, 5L, EV 98.8 MPH)
|
|
Batting: SHB Ethan Charles
|
0-0: Fly out, F8 (Flyball, 8LD, EV 85.0 MPH)
|
|
Batting: LHB Paul Thoutsis
|
0-0: Ball 1-0: Ball 2-0: Ball Wild Pitch! Andrew Pratt to second 3-0: Called Strike 3-1: Ground out 4-3 (Groundball, 4, EV 90.6 MPH)
|
| Top of the 7th over - 0 runs, 1 hit, 0 errors, 1 left on base; Renton 0 - Tri-City 3 |
| BOTTOM OF THE 7TH |
|
Tri-City Dust Devils batting - Pitching for Renton Wrecks : LHP Mark Bowden
|
|
Batting: RHB Jeff DeWillis
|
0-0: Fly out, F9 (Flyball, 9S, EV 86.9 MPH)
|
|
Batting: LHB LaVel Freeman
|
0-0: Ball 1-0: Called Strike 1-1: Foul Ball, location: 2F 1-2: SINGLE (Groundball, 34D, EV 102.5 MPH)
|
|
Batting: RHB Robert Martinez
|
0-0: Called Strike 0-1: Ball 1-1: Fly out, F8 (Flyball, 8RM, EV 94.4 MPH)
|
|
Batting: RHB Desmond Brooks
|
0-0: Called Strike 0-1: Ball 1-1: Swinging Strike 1-2: Ball 2-2: SINGLE (Groundball, 34D, EV 93.8 MPH) LaVel Freeman to second Runner from 2nd tries for 3rd, SAFE, throw by RF made to third
|
|
Batting: RHB Felipe Hernandez
|
0-0: Foul Ball, location: 2F 0-1: Ball 1-1: Called Strike 1-2: Ball 2-2: Foul Ball, location: 2F 2-2: Strikes out swinging
|
| Bottom of the 7th over - 0 runs, 2 hits, 0 errors, 2 left on base; Renton 0 - Tri-City 3 |
| TOP OF THE 8TH |
|
Renton Wrecks batting - Pitching for Tri-City Dust Devils : RHP Guillermo Perez
|
|
Batting: RHB Frank Garcia
|
0-0: Ball 1-0: Called Strike 1-1: Called Strike 1-2: Ball 2-2: Ball 3-2: Foul Ball, location: 2F 3-2: Foul Ball, location: 2F 3-2: SINGLE (Groundball, 56D, EV 96.9 MPH)
|
|
Batting: LHB Christian Bryeans
|
0-0: Foul Ball, location: 2F 0-1: Called Strike 0-2: Foul Ball, location: 2F 0-2: Fielders Choice at 2nd, 1-6 (Groundball, 23, EV 73.1 MPH)
|
|
Batting: RHB Rolando Pino
|
0-0: Ball 1-0: Fly out, F2 (Popup, 23F, EV 91.9 MPH)
|
|
Batting: LHB Troy Thomas
|
0-0: Called Strike 0-1: Ball 1-1: Foul Ball, location: 2F 1-2: Strikes out swinging
|
| Top of the 8th over - 0 runs, 1 hit, 0 errors, 1 left on base; Renton 0 - Tri-City 3 |
| BOTTOM OF THE 8TH |
|
Tri-City Dust Devils batting - Pitching for Renton Wrecks : LHP Mark Bowden
|
|
Batting: LHB Rafael Codinach
|
0-0: Ball 1-0: Foul Ball, location: 2F 1-1: Fly out, F8 (Flyball, 8LXD, EV 96.9 MPH)
|
|
Batting: LHB George Priftis
|
0-0: Ball 1-0: Ball 2-0: Ball 3-0: Base on Balls
|
|
Batting: RHB Dennis Glynn
|
0-0: SINGLE (Groundball, 6S, EV 67.5 MPH) (infield hit) George Priftis to second
|
|
Batting: RHB Gereld McDermott
|
0-0: SINGLE (Line Drive, 6D, EV 101.9 MPH) George Priftis to third Dennis Glynn to second Runner from 3rd tries for Home, SAFE, throw by CF to home
|
|
Batting: RHB Jeff DeWillis
|
0-0: Called Strike 0-1: Ball 1-1: Ball 2-1: Ball 3-1: Called Strike 3-2: 3-RUN HOME RUN (Flyball, 7D, EV 98.8 MPH), Distance : 363 ft
|
|
Pitching: RHP Gregory Norris
|
|
|
Pinch Hitting: RHB Jeffrey Depiano
|
0-0: Foul Ball, location: 2F 0-1: Foul Ball, location: 2F 0-2: Ball 1-2: Ground out 5-3 (Groundball, 56S, EV 86.9 MPH)
|
|
Pinch Hitting: RHB Angelo Nunley
|
0-0: Ball 1-0: Fly out, F8 (Flyball, 78M, EV 93.8 MPH)
|
| Bottom of the 8th over - 4 runs, 3 hits, 0 errors, 0 left on base; Renton 0 - Tri-City 7 |
| TOP OF THE 9TH |
|
Renton Wrecks batting - Pitching for Tri-City Dust Devils : RHP Guillermo Perez
|
|
Now at 3B: Angelo Nunley
|
|
|
Now in LF: Jeffrey Depiano
|
|
|
Pinch Hitting: LHB Roger Stevens
|
0-0: Ball 1-0: SINGLE (Groundball, 4MD, EV 100.0 MPH)
|
|
Batting: RHB Stan Holmes
|
0-0: Foul Ball, location: 2F 0-1: Ball 1-1: Ball 2-1: Ball 3-1: Foul Ball, location: 2F 3-2: Foul Ball, location: 2F 3-2: Fly out, F9 (Flyball, 9D, EV 96.3 MPH)
|
|
Batting: RHB Andrew Pratt
|
0-0: Foul Ball, location: 2F 0-1: Ball 1-1: Foul Ball, location: 2F 1-2: Foul Ball, location: 2F 1-2: Ball 2-2: Foul Ball, location: 2F 2-2: Grounds into double play, 4-6-3 (Groundball, 4, EV 87.5 MPH)
|
| Top of the 9th over - 0 runs, 1 hit, 0 errors, 0 left on base; Renton 0 - Tri-City 7 |
|